 Dungeon Crawl Stone Soup version 0.31.0-1-g2c135a0 (webtiles) character file.

Game seed: 12026652690995278779

5 edsrzf the Slasher (level 1, -1/14 HPs)
             Began as an Octopode Reaver on Jan 31, 2024.
             Slain by a goblin
             ... wielding a +0 club
              (2 damage)
             ... on level 2 of the Dungeon.
             The game lasted 00:00:38 (631 turns).

edsrzf the Slasher (Octopode Reaver)                 Turns: 631, Time: 00:00:39

Health: -1/14      AC:  1    Str: 11    XL:     1   Next: 80%
Magic:  3/3        EV: 13    Int: 15    God:
Gold:   43         SH:  0    Dex: 10    Spells: 3/4 levels left

rFire   . . .        a - +0 falchion
rCold   . . .        (no shield)
rNeg    . . .        (helmet restricted)
rPois   .            (no amulet)
rElec   .            (no ring)
rCorr   .            (no ring)
SInv    .            (no ring)
Will    .....        (no ring)
Stlth   ++           (no ring)
HPRegen 0.22/turn    (no ring)
MPRegen 0.08/turn    (no ring)
                     (no ring)

%: no passive effects
@: no status effects
A: almost no armour, amphibious, 8 rings, camouflage 1, gelatinous body 1,
(nimble swimmer 1), tentacles
a: no special abilities


You were on level 2 of the Dungeon.
You visited 1 branch of the dungeon, and saw 2 of its levels.

You collected 43 gold pieces.

Inventory:

Hand Weapons
 a - a +0 falchion (weapon)
Scrolls
 b - a scroll of teleportation {unknown}
Potions
 d - a potion of heal wounds {unknown}
 e - a potion of curing {unknown}
 f - a potion of invisibility {unknown}
 g - a potion of might {unknown}


   Skills:
 - Level 2.0 Fighting
 + Level 3.2 Long Blades
 - Level 2.0 Dodging
 + Level 1.3 Stealth
 - Level 2.0 Spellcasting
 - Level 3.0 Conjurations


You had 3 spell levels left.
You knew the following spells:

 Your Spells              Type           Power      Damage    Failure   Level
a - Kiss of Death         Conj/Necr      24%        2d7       12%         1

Your spell library contained the following spells:

 Spells                   Type           Power      Damage    Failure   Level
 Momentum Strike          Conj/Tloc      12%        3d8       19%         2
 Ensorcelled Hibernation  Hex/Ice        2%         N/A       32%         2
 Hailstorm                Conj/Ice       6%         3d5       34%         3
 Passwall                 Erth           1%         N/A       54%         3
 Swiftness                Air            1%         N/A       54%         3


Dungeon Overview and Level Annotations

Branches:
Dungeon (2/15)

Altars:


Innate Abilities, Weirdness & Mutations

You cannot wear most types of armour.
You are amphibious.
You can wear up to eight rings at the same time.
Your skin changes colour to match your surroundings (Stealth+).
Your rubbery body absorbs attacks. (AC +1, EV +1)
((You are camouflaged when in or above water. (Stealth+)))
You have tentacles for arms and can constrict up to eight enemies at once.


Message History

b - a scroll labelled JIBEIBUUXO
Found a whip.
Unknown command.
You now have 3 gold pieces.
There is an open door here.
Found an escape hatch in the floor.
There is an escape hatch in the floor here.
You pick up a book of Burglary and begin reading...
You add the spells Ensorcelled Hibernation, Swiftness and Passwall to your library.
You now have 21 gold pieces (gained 18).
Found a leather armour.
You see here a +0 leather armour.
Found a sling.
You see here a +0 sling.
Found a spear.
You see here a +0 spear.
Found a robe.
You see here a +0 robe.
Found a robe.
c - a smoky brown potion
Found a stone staircase leading down.
Found a short sword.
There is a stone staircase leading down here.
A goblin comes into view. It is wielding a +0 dagger.
You completely miss the goblin. Your grab misses the goblin.
The goblin hits you with a +0 dagger.
You hit the goblin.
You kill the goblin!
You see here a +0 dagger.
HP restored.
You see here a +0 dagger.
You see here a +0 short sword.
Found a stone staircase leading down.
There is a stone staircase leading down here.
An endoplasm comes into view.
The endoplasm quivers.
The endoplasm hits you.
You barely miss the endoplasm. The endoplasm freezes you.
You are frozen.
You slash the endoplasm!
You kill the endoplasm!
d - a murky black potion You open the door.
There is an open door here.
You open the door.
There is an open door here.
There is a stone staircase leading down here.
Found 6 stones.
You now have 37 gold pieces (gained 16).
e - a fuming coppery potion A hobgoblin comes into view.
Found a fuming amethyst potion.
The hobgoblin shouts!
You hit the hobgoblin. You grab the hobgoblin.
The hobgoblin is almost dead.
You constrict the hobgoblin, but do no damage.
The hobgoblin hits you.
You hit the hobgoblin.
You kill the hobgoblin!
Your Stealth skill increases to level 1!
Unknown command.
You see here a hobgoblin corpse.
f - a fuming amethyst potion You now have 43 gold pieces (gained 6).
g - an inky potion Done exploring.
Done exploring.
There is a stone staircase leading down here.
You climb downwards.
Found a glowing grey potion and a dark potion.
There is a stone staircase leading up here.
A goblin is nearby!
A goblin and an endoplasm come into view.
Found a rapier.
The goblin shouts! x2
A dart slug comes into view.
A hobgoblin comes into view.
The endoplasm quivers.
The hobgoblin shouts!
You hit the goblin. You grab the goblin.
The goblin is severely wounded.
You constrict the goblin, but do no damage.
The endoplasm misses you. The goblin barely misses you.
The goblin hits you with a +0 club.
You hit the goblin.
You kill the goblin!
The endoplasm hits you. The goblin closely misses you.
The goblin attacks as it pursues you! The goblin hits you with a +0 club.
* * * LOW HITPOINT WARNING * * *
You hit the goblin. Your grab misses the goblin. You squeeze the goblin.
The goblin is heavily wounded.
The goblin completely misses you.
You hit the goblin. Your grab misses the goblin.
Your squeeze misses the goblin.
The goblin is severely wounded.
The goblin hits you with a +0 club.
* * * LOW HITPOINT WARNING * * *
It was a potion of cancellation.
You feel magically purged. The goblin hits you with a +0 club.
You die...

#. #.# ##..#
....# ....###
###....### #
#........#.#
#....<.....##
#....@......#
#..###g###....
#. #..wJg# ...
#..#.#..# .
...#!#!#...
#.#. # # .#.#
# # # .) #


You could see a dart slug, an endoplasm and a goblin.

Vanquished Creatures
  An endoplasm (D:1)
  2 goblins
  A hobgoblin (D:1)
4 creatures vanquished.

Notes
Turn   | Place    | Note
-------+----------+-------------------------------------------
     0 | D:1      | edsrzf the Octopode Reaver began the quest for the Orb.
     0 | D:1      | Reached XP level 1. HP: 14/14 MP: 3/3
   524 | D:1      | Reached skill level 1 in Stealth
   631 | D:2      | Identified a potion of cancellation
   631 | D:2      | Slain by a goblin

Illustrated notes

Levels and vault maps discovered:
D:1:      dpeg_arrival_simpleton_b, layout_loops_ring, kennysheep_pointless_box,
          dreamdust_mushroom_princess
D:2:      layout_rooms, shapermc_ecumenical_altar_starsandcircs,
          minmay_box_of_dots

Skill      XL: |  1 |
---------------+----+-----
Stealth        | 1 |  1.3
Fighting       | |  2.0
Long Blades    | |  3.2
Dodging        | |  2.0
Spellcasting   | |  2.0
Conjurations   | |  3.0

Action                     || total
---------------------------++-------
  Melee: Falchion          ||    10
         Constrict         ||     2
         Tentacles         ||     1
    Use: Potion            ||     1
 Armour: Skin              ||     8
  Dodge: Dodged            ||     4
